 Dungeon Crawl Stone Soup version 0.31-a0-846-gb3bcc0d938 (webtiles) character file.

Game seed: 11479500736522962019

4196 javelincjr the Mimic (level 10, -10/141 HPs)
             Began as a Troll Shapeshifter on Oct 3, 2023.
             Was a Believer of Trog.
             Mangled by a yak (13 damage)
             ... on level 8 of the Dungeon.
             The game lasted 00:31:28 (6251 turns).

javelincjr the Mimic (Troll Shapeshifter)           Turns: 6251, Time: 00:31:28

Health: -10/141    AC:  7    Str: 26    XL:     10   Next: 8%
Magic:  9/9        EV: 11    Int:  6    God:    Trog [**....]
Gold:   496        SH:  0    Dex: 11    Spells: 9/9 levels left

rFire   . .          .
                       - Unarmed
rCold   . . .        (shield currently unavailable)
rNeg    . . .        a - +0 animal skin
rPois   .            G - +0 hat
rElec   +            l - +0 cloak
rCorr   .            (gloves unavailable)
SInv    .            (boots unavailable)
Will    ++...        (no amulet) Stlth
                     (no ring)
HPRegen 2.23/turn    (no ring)
MPRegen 0.11/turn

%: no passive effects
@: berserking, flux-form, strong-willed, regenerating, glowing, very quick
A: glow, contaminating, large, unfitting armour, claws 3, regeneration 1, shaggy
fur 1, tough skin 1, iridescent scales 1, electricity resistance
a: Begin Untransformation, Renounce Religion, Berserk, Trog's Hand


You were on level 8 of the Dungeon.
You worshipped Trog.
Trog was pleased with you.
You were something dangerously unstable.
You visited 2 branches of the dungeon, and saw 9 of its levels.
You also visited: Sewer and Ossuary.

You collected 496 gold pieces.

Inventory:

Hand Weapons
 i - a +4 flail of draining
 o - a +5 halberd
 D - a +4 quarterstaff of chaos
 H - a +1 whip of distortion
Missiles
 j - 33 poisoned darts (quivered)
 q - a curare-tipped dart
 J - a throwing net
Armour
 a - a +0 animal skin (worn)
 k - a scarf of repulsion
 l - a +0 cloak (worn)
 u - a scarf of harm
 G - a +0 hat (worn)
Talismans
 c - a beast talisman
 d - a flux talisman (active)
Wands
 n - a wand of charming (8)
 p - a wand of quicksilver (12)
 t - a wand of flame (26)
 w - a wand of polymorph (4)
 K - a wand of mindburst (6)
Scrolls
 f - 4 scrolls of enchant weapon
 h - a scroll of vulnerability
 v - a scroll of blinking
 y - a scroll of amnesia
 C - a scroll of torment
 F - a scroll of fear
 I - a scroll of teleportation
Potions
 b - 4 potions of lignification
 e - 4 potions of brilliance
 g - 3 potions of curing
 m - a potion of magic
 r - 2 potions of might
 x - 4 potions of mutation
 z - 2 potions of resistance
 A - a potion of heal wounds
 B - a potion of cancellation
 E - a potion of enlightenment {unknown}


   Skills:
 + Level 4.8 Fighting
 + Level 5.0 Dodging
 + Level 6.5 Unarmed Combat
 * Level 10.3 Shapeshifting


You had 9 spell levels left.
You didn't know any spells.
Your spell library contained the following spells:

 Spells                   Type           Power      Damage    Failure   Level
 Slow                     Hex            0%         N/A       45%         1
 Confusing Touch          Hex            0%         N/A       83%         3
 Gell's Gravitas          Tloc           0%         N/A       83%         3
 Inner Flame              Hex/Fire       0%         N/A       83%         3
 Sigil of Binding         Hex            0%         N/A       83%         3
 Teleport Other           Tloc           0%         N/A       83%         3
 Vampiric Draining        Necr           0%         2d6       83%         3
 Flame Wave               Conj/Fire      0%         2d4       99%         4
 Sticky Flame             Conj/Fire      0%         2d3       99%         4
 Dispersal                Tloc           0%         N/A       100%        6


Dungeon Overview and Level Annotations

Branches:
Dungeon (8/15)             Temple (1/1) D:6           Sewer (visited)
Ossuary (visited)
   Lair: D:8-11

Altars:
Ashenzari
Cheibriados
Dithmenos
Elyvilon
Fedhas
Gozag
Hepliaklqana
Kikubaaqudgha
Makhleb
Nemelex Xobeh
Okawaru
Qazlal
Ru
Sif Muna
Trog
Uskayaw
Vehumet
Wu Jian
Xom
Yredelemnul
Zin
The Shining One

Shops:
D:1 !

Annotations:
D:7 3 runed translucent doors, arvidsem's ghost, novice MiFi
Temple 2 transporters


Innate Abilities, Weirdness & Mutations

You are something dangerously unstable.
You glow with magical radiation, making you easy to see and hit.
Foes you strike become dangerously contaminated with magical radiation.
You are incapable of wielding weapons or throwing items.
You are too large for most types of armour.
You have claws for hands.
Your natural rate of healing is unusually fast.
You are covered in fur. (AC +1)
You have tough skin. (AC +1)
You are partially covered in iridescent scales. (AC +2)
You are resistant to electric shocks. (rElec)


Message History

The yak misses you. The yak gores you! The wyvern bites you.
* * * LOW HITPOINT WARNING * * *
You barely miss the wyvern.
The wyvern is heavily wounded.
The wyvern barely misses you. The yak gores you!
* * * LOW HITPOINT WARNING * * *
You feel much better. The wyvern barely misses you. The yak gores you!
* * * LOW HITPOINT WARNING * * *
The yak barely misses you. The yak misses you. The wyvern barely misses you.
Your skin crawls.
You feel strong-willed. The wyvern bites you!
* * * LOW HITPOINT WARNING * * *
The yak gores you.
* * * LOW HITPOINT WARNING * * *
The yak gores you but does no damage. The yak barely misses you.
The wyvern attacks as it pursues you! The wyvern barely misses you.
The yak gores you!
* * * LOW HITPOINT WARNING * * *
The wyvern closely misses you.
You see here a +0 orcbow.
The yak snorts and paws the ground.
A red film seems to cover your vision as you go berserk!
You feel yourself moving faster!
You feel mighty!
The yak stops glowing.
The wyvern bites you.
* * * LOW HITPOINT WARNING * * *
The wyvern barely misses you.
You claw the wyvern!
You kill the wyvern!
Trog accepts your kill.
Your Dodging skill increases to level 5!
You scratch the yak but do no damage.
The yak begins to glow.
The yak is lightly wounded.
The yak gores you but does no damage.
You claw the yak!
The yak glows dangerously bright.
The yak is heavily wounded.
The yak gores you!
* * * LOW HITPOINT WARNING * * *
The yak gores you!
You die...

#.......##........#
..................#
..................
................#
................# #.
#...........## ..
#.....Y..#..## ..
##.YYYY..#...## .#
#.l##p..##...##..###
...Y#
##..###..<.....#
.P.... #.##
##......## ..♣P. #..
##...### ..... ....
#...# P..P ..##.
#..## .... ## ..
...# ...... ....#


You could see 5 yaks.

Vanquished Creatures
  The ghost of Lysca the Conjurer, a novice DsCj (D:5)
  Grinder (D:5)
  2 wyverns (D:8)
  A wraith (Ossuary)
  Eustachio (D:5)
  Menkaure (D:6)
  2 water moccasins
  Edmund (D:5)
  An ice beast (D:5)
  A sky beast (D:7)
  2 black bears (D:5)
  A centaur (D:8)
  2 ogres
  A phantom (Sewer)
  The ghost of Danienth the Shooter, an amateur DEHs of Dithmenos (D:3)
  2 elf zombies (D:4)
  2 kobold brigands
  2 bullfrogs
  2 elf skeletons (D:4)
  A gnoll sergeant (D:7)
  4 scorpions
  5 wights
  A hound (D:5)
  Crazy Yiuf (D:6)
  5 orc priests
  2 sleepcaps (D:6)
  Jessica (D:3)
  Natasha (thrice) (D:3)
  An orc wizard (D:7)
  A human skeleton (D:4)
  A mummy (Ossuary)
  10 adders
  11 gnolls
  4 river rats (D:6)
  5 shadow imps (Sewer)
  A white imp (D:6)
  4 ufetubi (Sewer)
  An adder zombie (Sewer)
  2 dart slugs
  18 orcs
  7 ball pythons
  9 endoplasms
  5 giant cockroaches
  7 goblins
  14 hobgoblins
  8 jackals (D:2)
  40 kobolds
  4 quokkas
  6 bats
  3 frilled lizards
  7 gnoll skeletons (Ossuary)
  5 kobold skeletons (Ossuary)
  A kobold zombie (Sewer)
  13 orc skeletons
  4 rats
242 creatures vanquished.

Vanquished Creatures (others)
  A sky beast (D:7)
1 creature vanquished.

Grand Total: 243 creatures vanquished

Notes
Turn   | Place    | Note
-------+----------+-------------------------------------------
     0 | D:1      | javelincjr the Troll Shapeshifter began the quest for the
                  | Orb.
     0 | D:1      | Reached XP level 1. HP: 18/18 MP: 0/0
    46 | D:1      | Found Wasias's Distillery.
   323 | D:1      | Reached skill level 1 in Fighting
   393 | D:1      | Reached XP level 2. HP: 27/27 MP: 1/1
   700 | D:2      | Reached XP level 3. HP: 33/33 MP: 2/2
   736 | D:2      | Reached skill level 4 in Shapeshifting
   870 | D:2      | Reached XP level 4. HP: 41/41 MP: 3/3
  1244 | D:3      | Noticed Natasha
  1248 | D:3      | Killed Natasha
  1384 | D:3      | Noticed Danienth's ghost (amateur DEHs)
  1399 | D:3      | Found a runed translucent door.
  1419 | D:3      | Reached skill level 5 in Shapeshifting
  1685 | D:3      | Found an ornate altar of the Wu Jian Council.
  1710 | D:3      | Noticed Jessica
  1721 | D:3      | Killed Jessica
  1722 | D:3      | Reached XP level 5. HP: 44/48 MP: 4/4
  1781 | D:3      | Noticed Natasha
  1787 | D:3      | Killed Natasha
  1864 | D:3      | Noticed Natasha
  1872 | D:3      | Killed Natasha
  1891 | D:3      | Killed Danienth's ghost
  1892 | D:3      | Reached skill level 6 in Shapeshifting
  1892 | D:3      | Reached XP level 6. HP: 43/55 MP: 5/5
  2291 | D:4      | Reached skill level 7 in Shapeshifting
  2300 | D:4      | Found a sand-covered staircase.
  2305 | Ossuary  | Entered an ossuary
  2305 | Ossuary  | Noticed a wraith
  2305 | Ossuary  | Noticed a wraith
  2305 | Ossuary  | Noticed a wraith
  2423 | Ossuary  | Noticed a wraith
  2455 | Ossuary  | Killed a wraith
  2456 | Ossuary  | Reached XP level 7. HP: 5/62 MP: 6/6
  2840 | D:5      | Entered Level 5 of the Dungeon
  2954 | D:5      | Found a runed translucent gate.
  2954 | D:5      | Found a runed translucent gate.
  2954 | D:5      | Found a runed translucent gate.
  2957 | D:5      | Noticed Lysca's ghost (novice DsCj)
  2975 | D:5      | Noticed Edmund
  2985 | D:5      | Reached XP level 8. HP: 11/71 MP: 7/7
  2992 | D:5      | HP: 3/61 [Edmund/+4 flail of draining (7)]
  2993 | D:5      | Killed Edmund
  2994 | D:5      | Reached skill level 8 in Shapeshifting
  3101 | D:5      | Noticed Eustachio
  3110 | D:5      | Killed Eustachio
  3269 | D:5      | Gained mutation: You are partially covered in iridescent
                  | scales. (AC +2) [potion of mutation]
  3269 | D:5      | Gained mutation: You are resistant to electric shocks.
                  | (rElec) [potion of mutation]
  3442 | D:5      | Noticed Grinder
  3452 | D:5      | Paralysed by Grinder for 4 turns
  3460 | D:5      | Paralysed by Grinder for 4 turns
  3468 | D:5      | Killed Grinder
  3770 | D:6      | Reached skill level 5 in Unarmed Combat
  3877 | D:6      | Reached XP level 9. HP: 69/83 MP: 8/8
  3930 | D:6      | Reached skill level 9 in Shapeshifting
  4069 | D:6      | Found a staircase to the Ecumenical Temple.
  4082 | Temple   | Found a transporter.
  4082 | Temple   | Found a transporter.
  4082 | Temple   | Found a transporter.
  4082 | Temple   | Found a transporter.
  4082 | Temple   | Entered the Ecumenical Temple
  4096 | Temple   | Became a worshipper of Trog the Wrathful
  4154 | D:6      | Noticed Menkaure
  4161 | D:6      | Killed Menkaure
  4241 | D:6      | Found a glowing golden altar of the Shining One.
  4241 | D:6      | Found an opulent altar of Gozag.
  4243 | D:6      | Found an iron altar of Okawaru.
  4243 | D:6      | Found a shimmering blue altar of Sif Muna.
  4289 | D:6      | Found a glowing drain.
  4303 | Sewer    | Entered a sewer
  4438 | Sewer    | Reached * piety under Trog
  4441 | Sewer    | Found an ancient bone altar of Kikubaaqudgha.
  4956 | D:6      | Found a runed translucent door.
  4957 | D:6      | Noticed Crazy Yiuf
  4963 | D:6      | Killed Crazy Yiuf
  5199 | D:7      | Found a runed translucent gate.
  5199 | D:7      | Found a runed translucent gate.
  5199 | D:7      | Found a runed translucent gate.
  5201 | D:7      | Noticed an efreet
  5202 | D:7      | Noticed arvidsem's ghost (novice MiFi)
  5523 | D:7      | Reached ** piety under Trog
  6040 | D:5      | Killed Lysca's ghost
  6041 | D:5      | Reached skill level 10 in Shapeshifting
  6187 | D:8      | Reached XP level 10. HP: 53/94 MP: 9/9
  6250 | D:8      | Reached skill level 5 in Dodging
  6251 | D:8      | HP: 3/141 [yak (14)]
  6251 | D:8      | Mangled by a yak

Illustrated notes

Levels and vault maps discovered:
D:1:      tarquinn_simple_flora_water_b, layout_basic, serial_shops, shop,
          serial_bayou_lagoon_b
D:2:      layout_loops_ring
D:3:      layout_basic, nzn_wu_jian_council_hall,
          hellmonk_ghost_happy_afterlife, chequers_serial_rivers_room_b,
          minmay_diced_spiral, uniq_jessica, uniq_natasha
D:4:      layout_rooms, nicolae_ossuary_entry_catacombs
D:5:      layout_gridville, gammafunk_ghost_nasty_kobolds, uniq_grinder,
          uniq_edmund, uniq_eustachio
D:6:      layout_basic, mainiacjoe_overflow_alcove_3, minmay_temple_entry_waves,
          portal_sewer_entry_e, uniq_crazy_yiuf_cottage, uniq_menkaure
D:7:      corexii_shantytown, layout_rooms, gammafunk_ghost_split,
          nicolae_elevator_lobby_asterisk
D:8:      layout_cave_pools, minmay_lair_entry_grove
Temple:   hellmonk_temple_divided_pantheon

Skill      XL: |  1  2  3  4  5  6  7  8  9 10 |
---------------+-------------------------------+-----
Fighting       | 1 2 3 4 |  4.8
Shapeshifting  | 4 5 6 7 8 10 | 10.3
Dodging        | 2 3 4 5 |  5.0
Unarmed Combat | 4 5 6 |  6.5

Action                     |  1- 3 |  4- 6 |  7- 9 | 10-12 || total
---------------------------+-------+-------+-------+-------++-------
  Melee: Unarmed           |    59 |   146 |   478 |    15 ||   698
         Punch             |     1 |     5 |       |       ||     6
 Invoke: Berserk           |       |       |     3 |     1 ||     4
         Trog's Hand       |       |       |     1 |     1 ||     2
    Use: Scroll            |       |     7 |    13 |       ||    20
         Potion            |       |       |    10 |     1 ||    11
 Armour: Animal skin       |    34 |    81 |   428 |    29 ||   572
  Dodge: Dodged            |    28 |    56 |   316 |    17 ||   417
   Form: Flux              |       |       |     1 |       ||     1

Table legend: (Time is in decaauts)
 A = Elapsed time spent in this place.
 B = Non-inter-level travel time spent in this place.
 C = Inter-level travel time spent in this place.
 D = Time resting spent in this place.
 E = Time spent auto-exploring this place.
 F = Levels seen in this place.
 G = Mean time per level.
                   A        B        C        D        E       F      G
               +--------+--------+--------+--------+--------+-----+--------+
         Total |   6246 |   5783 |    463 |    156 |   3839 |  11 |  567.8 |
       Dungeon |   5502 |   5065 |    437 |     46 |   3721 |   8 |  687.8 |
        Temple |     30 |      4 |     26 |      0 |      0 |   1 |   30.0 |
         Sewer |    441 |    441 |      0 |     58 |     82 |   1 |  441.0 |
       Ossuary |    271 |    271 |      0 |     52 |     36 |   1 |  271.0 |
               +--------+--------+--------+--------+--------+-----+--------+

Top non-repeatable levels by time:
     D:5: 1006 daAuts
     D:6: 923 daAuts
     D:7: 907 daAuts
     D:3: 703 daAuts
     D:4: 640 daAuts
     D:2: 635 daAuts
     D:1: 602 daAuts
   Sewer: 441 daAuts
 Ossuary: 271 daAuts
     D:8: 83 daAuts
  Temple: 30 daAuts
